[Event "SVK-ch Open 2018"]
[Site "Banska Stiavnica"]
[Date "2018.07.13"]
[Round "7"]
[White "Bojda, Lubomir"]
[Black "Rakovsky, Jakub"]
[Result "1-0"]
[ECO "A05"]
[WhiteElo "2064"]
[BlackElo "1409"]
[Annotator "NA"]
[PlyCount "89"]
[EventDate "2018.07.07"]
[EventType "swiss"]
[EventCountry "SVK"]
[SourceTitle "playchess.com"]
[Source "ChessBase"]
[SourceQuality "1"]
[TimeControl "40/5400+30:1800+30"]

1. Nf3 Nf6 2. c4 e6 3. g3 d5 4. Bg2 Nc6 5. O-O Be7 6. d4 O-O 7. Nbd2 b6 8. b3 Bb7 9. Bb2 Nb4 10. a3 Na6 11. b4 c5 12. bxc5 bxc5 13. Rb1 Rb8 14. Ne5 Nd7 15. Nd3 Nb6 16. dxc5 Nxc5 17. Be5 Rc8 18. Nxc5 Rxc5 19. Nb3 Rc8 20. c5 Nc4 21. Bc3 Ba8 22. a4 Qc7 23. e3 a6 24. Qe2 Bc6 25. e4 Rfd8 26. Rfe1 Bf8 27. exd5 Bxd5 28. Bxd5 exd5 29. Nd4 Qxc5 30. Qg4 Qd6 31. Ba1 Qg6 32. Qe2 a5 33. Rb5 Bb4 34. Rd1 Na3 35. Rb7 Nc2 36. Nxc2 Qxc2 37. Qf3 Qg6 38. Bd4 Qe6 39. Rb6 Rc6 40. Rb5 Qe4 41. Qh5 Qe6 42. Bxg7 Rdc8 43. Bd4 Rc1 44. Qg5+ Kf8 45. Rxc1 1-0

[Event "SVK-ch Open 2018"]
[Site "Banska Stiavnica"]
[Date "2018.07.13"]
[Round "7"]
[White "Posa, Norbert"]
[Black "Liska, Jaroslav"]
[Result "1-0"]
[ECO "D00"]
[WhiteElo "2036"]
[BlackElo "1914"]
[Annotator "NA"]
[PlyCount "141"]
[EventDate "2018.07.07"]
[EventType "swiss"]
[EventCountry "SVK"]
[SourceTitle "playchess.com"]
[Source "ChessBase"]
[SourceQuality "1"]
[TimeControl "40/5400+30:1800+30"]

1. d4 d5 2. Bf4 Nf6 3. e3 Bf5 4. Nf3 h6 5. Bd3 Bxd3 6. Qxd3 c6 7. O-O e6 8. h3 Be7 9. Nbd2 Nbd7 10. c4 dxc4 11. Nxc4 Nb6 12. Rfd1 Nxc4 13. Qxc4 O-O 14. Rab1 Nd5 15. Bh2 Bd6 16. Ne5 Bxe5 17. Bxe5 Qe7 18. Qb3 Qd7 19. e4 Ne7 20. Qg3 Ng6 21. Rd3 Nxe5 22. Qxe5 f6 23. Qh5 Qf7 24. Qe2 Rad8 25. Rbd1 Rd7 26. a3 Rfd8 27. b4 a6 28. f4 f5 29. e5 Kh7 30. Qe3 g6 31. g4 Qe7 32. Kh2 fxg4 33. Rg1 gxh3 34. Qe4 Qf7 35. Kxh3 Qf5+ 36. Qxf5 gxf5 37. Rgd1 Rg8 38. Rg3 Rdg7 39. Rdg1 Rxg3+ 40. Rxg3 Rd8 41. Rd3 b6 42. Rc3 Rxd4 43. Rxc6 Rxf4 44. Kg3 Rg4+ 45. Kf3 a5 46. Rxb6 axb4 47. Rxb4 Rg7 48. a4 Re7 49. Rb6 Kg7 50. a5 Rd7 51. Rxe6 Rd5 52. a6 Rd4 53. a7 Ra4 54. Re7+ Kg6 55. Rb7 Ra3+ 56. Ke2 Ra2+ 57. Ke3 Ra3+ 58. Kd4 Ra4+ 59. Kc3 Ra3+ 60. Kb2 Ra6 61. e6 h5 62. e7 Kf7 63. e8=Q+ Kxe8 64. Rb8+ Kf7 65. a8=Q Rxa8 66. Rxa8 Kg6 67. Rg8+ Kf6 68. Kc2 h4 69. Kd2 f4 70. Ke2 Kf5 71. Kf3 1-0

[Event "SVK-ch Open 2018"]
[Site "Banska Stiavnica"]
[Date "2018.07.13"]
[Round "7"]
[White "Toma, Rudolf"]
[Black "Brnusak, Andrej"]
[Result "1/2-1/2"]
[ECO "A56"]
[WhiteElo "2018"]
[BlackElo "1866"]
[Annotator "NA"]
[PlyCount "82"]
[EventDate "2018.07.07"]
[EventType "swiss"]
[EventCountry "SVK"]
[SourceTitle "playchess.com"]
[Source "ChessBase"]
[SourceQuality "1"]
[TimeControl "40/5400+30:1800+30"]

1. d4 Nf6 2. c4 c5 3. Nf3 cxd4 4. Nxd4 e5 5. Nc2 d5 6. Bg5 Qa5+ 7. Qd2 Qxd2+ 8. Nxd2 dxc4 9. Nxc4 Nc6 10. Bxf6 gxf6 11. e4 Be6 12. O-O-O Nb4 13. Nxb4 Bxb4 14. Kb1 Ke7 15. Be2 Rhd8 16. f3 Rac8 17. Rxd8 Rxd8 18. a3 Bc5 19. b4 Bd4 20. Rc1 Bxc4 21. Rxc4 Kd7 22. Ka2 Rc8 23. Rxc8 Kxc8 24. Bc4 b6 25. Kb3 a5 26. Bxf7 axb4 27. axb4 Kc7 28. Kc4 Kd6 29. Kd3 Bg1 30. h3 Bf2 31. Be8 Be1 32. b5 Kc5 33. Ke3 Bg3 34. Bc6 h6 35. Be8 Kc4 36. Bc6 h5 37. f4 Bxf4+ 38. Kf3 h4 39. Kg4 Bg3 40. Kf5 Kd3 41. Kxf6 Ke2 1/2-1/2

[Event "SVK-ch Open 2018"]
[Site "Banska Stiavnica"]
[Date "2018.07.13"]
[Round "7"]
[White "Bakalar, Jan"]
[Black "Ucekajova, Veronika"]
[Result "1-0"]
[ECO "A00"]
[WhiteElo "1998"]
[BlackElo "1757"]
[Annotator "NA"]
[PlyCount "53"]
[EventDate "2018.07.07"]
[EventType "swiss"]
[EventCountry "SVK"]
[SourceTitle "playchess.com"]
[Source "ChessBase"]
[SourceQuality "1"]
[TimeControl "40/5400+30:1800+30"]

1. g3 g6 2. e4 b6 3. Bg2 Bb7 4. Nc3 Bg7 5. Nge2 d6 6. O-O c5 7. d4 cxd4 8. Nxd4 Nf6 9. Re1 Nbd7 10. e5 dxe5 11. Bxb7 exd4 12. Bxa8 Qxa8 13. Nb5 O-O 14. Rxe7 d3 15. cxd3 Qd5 16. Nc3 Qd6 17. Qe2 Nc5 18. Bf4 Qd4 19. Be3 Qd6 20. Bxc5 Qxc5 21. Rd1 b5 22. d4 Qb4 23. a3 Qb3 24. Qxb5 Rb8 25. Qxb3 Rxb3 26. Rd2 a5 27. Ra7 1-0

[Event "SVK-ch Open 2018"]
[Site "Banska Stiavnica"]
[Date "2018.07.13"]
[Round "7"]
[White "Gajdosik, Andrej"]
[Black "Horvath, Julia"]
[Result "1/2-1/2"]
[ECO "D91"]
[WhiteElo "1992"]
[BlackElo "2107"]
[Annotator "NA"]
[PlyCount "37"]
[EventDate "2018.07.07"]
[EventType "swiss"]
[EventCountry "SVK"]
[SourceTitle "playchess.com"]
[Source "ChessBase"]
[SourceQuality "1"]
[TimeControl "40/5400+30:1800+30"]

1. d4 Nf6 2. c4 g6 3. Nc3 d5 4. Nf3 Bg7 5. Bg5 dxc4 6. e3 O-O 7. Bxc4 c5 8. O-O cxd4 9. Qxd4 Nc6 10. Qh4 Qb6 11. Rab1 Qc5 12. Be2 Qb4 13. Qxb4 Nxb4 14. Rbd1 Nc6 15. Rd2 Be6 16. Rfd1 Rac8 17. h3 a6 18. Bh4 h6 19. Bg3 1/2-1/2

[Event "SVK-ch Open 2018"]
[Site "Banska Stiavnica"]
[Date "2018.07.13"]
[Round "7"]
[White "Budinsky, Martin"]
[Black "Huncar, Martin"]
[Result "1/2-1/2"]
[ECO "B26"]
[WhiteElo "1985"]
[BlackElo "1840"]
[Annotator "NA"]
[PlyCount "87"]
[EventDate "2018.07.07"]
[EventType "swiss"]
[EventCountry "SVK"]
[SourceTitle "playchess.com"]
[Source "ChessBase"]
[SourceQuality "1"]
[TimeControl "40/5400+30:1800+30"]

1. e4 c5 2. Nc3 Nc6 3. g3 g6 4. Bg2 Bg7 5. d3 d6 6. Be3 e5 7. Qd2 Nd4 8. Nge2 Ne7 9. O-O Be6 10. Nd5 Bxd5 11. exd5 Ndf5 12. c3 O-O 13. Kh1 b5 14. Ng1 Qb6 15. Qe2 Nxe3 16. fxe3 f5 17. e4 Bh6 18. Bh3 Qb7 19. Rf2 Rf6 20. Raf1 Raf8 21. c4 bxc4 22. dxc4 Kg7 23. b3 Qb4 24. Qc2 f4 25. Be6 fxg3 26. Rxf6 Rxf6 27. Rxf6 Kxf6 28. hxg3 Qe1 29. Kg2 Bd2 30. Qd3 Be3 31. Qf1+ Qxf1+ 32. Kxf1 Bxg1 33. Kxg1 h5 34. a3 a5 35. Kg2 g5 36. Kh3 Ng6 37. Bf5 Ne7 38. Bd7 Ng6 39. Bf5 Nf8 40. g4 h4 41. a4 Ke7 42. Kg2 Kd8 43. Kh3 Kc7 44. Kg2 1/2-1/2

[Event "SVK-ch Open 2018"]
[Site "Banska Stiavnica"]
[Date "2018.07.13"]
[Round "7"]
[White "Pesztericz, Laszlo"]
[Black "Weis, Dusan"]
[Result "1-0"]
[ECO "C50"]
[WhiteElo "1980"]
[BlackElo "1818"]
[Annotator "NA"]
[PlyCount "57"]
[EventDate "2018.07.07"]
[EventType "swiss"]
[EventCountry "SVK"]
[SourceTitle "playchess.com"]
[Source "ChessBase"]
[SourceQuality "1"]
[TimeControl "40/5400+30:1800+30"]

1. e4 e5 2. Nf3 Nc6 3. d4 exd4 4. Bc4 Be7 5. Nxd4 Nf6 6. Nc3 Ne5 7. Be2 d5 8. f4 Nc6 9. e5 Ne4 10. Nxe4 Nxd4 11. Qxd4 dxe4 12. Qxe4 O-O 13. O-O c6 14. Be3 Be6 15. Bd3 g6 16. f5 Bd5 17. Qg4 h5 18. Qh3 Bg5 19. Kh1 Bxe3 20. Qxe3 Kh7 21. c4 Bxg2+ 22. Kxg2 Qh4 23. Rf3 Rad8 24. e6 fxe6 25. fxg6+ Kg7 26. Raf1 Rxf3 27. Rxf3 Qg4+ 28. Kh1 Rd7 29. Qe5+ 1-0

[Event "SVK-ch Open 2018"]
[Site "Banska Stiavnica"]
[Date "2018.07.13"]
[Round "7"]
[White "Istok, Vojtech"]
[Black "Fizer, Marek"]
[Result "1-0"]
[ECO "A06"]
[WhiteElo "1971"]
[BlackElo "1740"]
[Annotator "NA"]
[PlyCount "45"]
[EventDate "2018.07.07"]
[EventType "swiss"]
[EventCountry "SVK"]
[SourceTitle "playchess.com"]
[Source "ChessBase"]
[SourceQuality "1"]
[TimeControl "40/5400+30:1800+30"]

1. Nf3 d5 2. g3 Nf6 3. Bg2 Bf5 4. d4 e6 5. c4 Bb4+ 6. Bd2 Bxd2+ 7. Nbxd2 Qe7 8. Qb3 b6 9. Ne5 c6 10. O-O O-O 11. Rac1 Rc8 12. cxd5 exd5 13. Rc3 Qe6 14. Rfc1 Nfd7 15. Bxd5 Qxd5 16. Qxd5 cxd5 17. Rxc8+ Nf8 18. Nc6 Bxc8 19. Ne7+ Kh8 20. Rxc8 g6 21. Rxf8+ Kg7 22. Rg8+ Kf6 23. Nxd5+ 1-0

[Event "SVK-ch Open 2018"]
[Site "Banska Stiavnica"]
[Date "2018.07.13"]
[Round "7"]
[White "Panko, Eduard"]
[Black "Pericka, Tomas"]
[Result "1/2-1/2"]
[ECO "B20"]
[WhiteElo "1958"]
[BlackElo "1975"]
[Annotator "NA"]
[PlyCount "28"]
[EventDate "2018.07.07"]
[EventType "swiss"]
[EventCountry "SVK"]
[SourceTitle "playchess.com"]
[Source "ChessBase"]
[SourceQuality "1"]
[TimeControl "40/5400+30:1800+30"]

1. e4 c5 2. a3 g6 3. Nc3 Bg7 4. b4 d6 5. Rb1 Nf6 6. Bc4 O-O 7. Nge2 Nc6 8. d3 e6 9. bxc5 d5 10. exd5 exd5 11. Bb3 d4 12. Na4 Re8 13. O-O Re5 14. Bf4 Rf5 1/2-1/2

[Event "SVK-ch Open 2018"]
[Site "Banska Stiavnica"]
[Date "2018.07.13"]
[Round "7"]
[White "Kuna, Martin"]
[Black "Valicek, Jaroslav"]
[Result "1-0"]
[ECO "C77"]
[WhiteElo "1947"]
[BlackElo "1720"]
[Annotator "NA"]
[PlyCount "77"]
[EventDate "2018.07.07"]
[EventType "swiss"]
[EventCountry "SVK"]
[SourceTitle "playchess.com"]
[Source "ChessBase"]
[SourceQuality "1"]
[TimeControl "40/5400+30:1800+30"]

1. e4 e5 2. Nf3 Nc6 3. Bb5 a6 4. Ba4 Nf6 5. d3 b5 6. Bb3 d6 7. c3 Na5 8. Bc2 c5 9. O-O Be7 10. Re1 O-O 11. Nbd2 Qc7 12. Nf1 h6 13. Ng3 Re8 14. h3 Nc6 15. Nf5 Bf8 16. N3h4 Kh7 17. Qf3 Qd8 18. g4 g6 19. Nxh6 Be6 20. Bg5 Be7 21. N4f5 gxf5 22. gxf5 Rg8 23. h4 Nxe4 24. Nxg8 Nxg5 25. Qh5+ Kxg8 26. fxe6 Nxe6 27. d4 Bxh4 28. Qh7+ Kf8 29. Qh8+ Ke7 30. Qxh4+ Kd7 31. Qxd8+ Nexd8 32. dxc5 dxc5 33. Rad1+ Ke7 34. Be4 Rc8 35. Rd5 c4 36. Red1 Rc7 37. Rd6 a5 38. R6d5 Rb7 39. Rxd8 1-0

[Event "SVK-ch Open 2018"]
[Site "Banska Stiavnica"]
[Date "2018.07.13"]
[Round "7"]
[White "Gzib, David"]
[Black "Sikora, Jan"]
[Result "1/2-1/2"]
[ECO "B84"]
[WhiteElo "1939"]
[BlackElo "2209"]
[Annotator "NA"]
[PlyCount "66"]
[EventDate "2018.07.07"]
[EventType "swiss"]
[EventCountry "SVK"]
[SourceTitle "playchess.com"]
[Source "ChessBase"]
[SourceQuality "1"]
[TimeControl "40/5400+30:1800+30"]

1. e4 c5 2. Nf3 d6 3. d4 cxd4 4. Nxd4 Nf6 5. Nc3 a6 6. Be2 e6 7. Be3 Qc7 8. Qd2 b5 9. a3 Bb7 10. f3 Nbd7 11. O-O Be7 12. a4 b4 13. Na2 d5 14. e5 Qxe5 15. Bf4 Qh5 16. g4 Qh3 17. Rf2 Nxg4 18. Bf1 Nxf2 19. Bxh3 Nxh3+ 20. Kg2 Nxf4+ 21. Qxf4 e5 22. Qg3 exd4 23. Re1 Kd8 24. Qxg7 Kc7 25. Qxd4 Rhg8+ 26. Kh1 Bc5 27. Qf4+ Bd6 28. Qd4 a5 29. c3 Rg6 30. cxb4 Rag8 31. Nc3 Be5 32. Nb5+ Kd8 33. Qa7 Bc6 1/2-1/2

[Event "SVK-ch Open 2018"]
[Site "Banska Stiavnica"]
[Date "2018.07.13"]
[Round "7"]
[White "Dylag, Emilia"]
[Black "Urhegyi, Ferenc"]
[Result "1-0"]
[ECO "A40"]
[WhiteElo "1935"]
[BlackElo "1851"]
[Annotator "NA"]
[PlyCount "49"]
[EventDate "2018.07.07"]
[EventType "swiss"]
[EventCountry "SVK"]
[SourceTitle "playchess.com"]
[Source "ChessBase"]
[SourceQuality "1"]
[TimeControl "40/5400+30:1800+30"]

1. d4 e6 2. c4 b6 3. Nf3 Bb7 4. g3 d6 5. Bg2 Be7 6. O-O Nf6 7. Nc3 O-O 8. Re1 Nbd7 9. e4 e5 10. d5 a5 11. Nh4 Re8 12. Nf5 Bf8 13. Bg5 g6 14. Nh6+ Bxh6 15. Bxh6 Kh8 16. Bg5 Nf8 17. Nb5 N8d7 18. Bh3 Qb8 19. f4 Kg7 20. Qf3 Bc8 21. Rf1 Nxe4 22. Qxe4 Nc5 23. Qg2 Bxh3 24. Qxh3 exf4 25. Qh6+ 1-0

[Event "SVK-ch Open 2018"]
[Site "Banska Stiavnica"]
[Date "2018.07.13"]
[Round "7"]
[White "Gresova, Zuzana"]
[Black "Mandak, Miroslav"]
[Result "0-1"]
[ECO "A28"]
[WhiteElo "1920"]
[BlackElo "1989"]
[Annotator "NA"]
[PlyCount "92"]
[EventDate "2018.07.07"]
[EventType "swiss"]
[EventCountry "SVK"]
[SourceTitle "playchess.com"]
[Source "ChessBase"]
[SourceQuality "1"]
[TimeControl "40/5400+30:1800+30"]

1. c4 e5 2. Nc3 Nf6 3. Nf3 Nc6 4. e3 Be7 5. a3 O-O 6. b4 d6 7. Qc2 Re8 8. Bb2 Bf8 9. Bd3 g6 10. O-O Bg7 11. Nd5 Ne7 12. Nxf6+ Bxf6 13. Be2 Nf5 14. d3 c6 15. e4 Ng7 16. d4 exd4 17. Bxd4 Bg4 18. Rad1 Qe7 19. Bxf6 Qxf6 20. Nd4 Bxe2 21. Nxe2 a6 22. Ng3 h5 23. f4 h4 24. Ne2 Qe7 25. Nc3 f5 26. Rfe1 Qf6 27. exf5 Rxe1+ 28. Rxe1 gxf5 29. Qd3 Rd8 30. Rd1 Kf7 31. Qf3 Re8 32. a4 Re6 33. Kf2 Qe7 34. h3 Kg6 35. g4 hxg3+ 36. Qxg3+ Kf7 37. Rg1 Qf6 38. Rd1 Qh6 39. b5 Nh5 40. Qg5 Nxf4 41. Qxf5+ Ke7 42. bxc6 bxc6 43. Rh1 Rf6 44. Qe4+ Kd7 45. Rb1 Nxh3+ 46. Kg3 Rg6+ 0-1

[Event "SVK-ch Open 2018"]
[Site "Banska Stiavnica"]
[Date "2018.07.13"]
[Round "7"]
[White "Hyll, Jan"]
[Black "Gyerpal, Adrian"]
[Result "1/2-1/2"]
[ECO "A45"]
[WhiteElo "1915"]
[BlackElo "1990"]
[Annotator "NA"]
[PlyCount "154"]
[EventDate "2018.07.07"]
[EventType "swiss"]
[EventCountry "SVK"]
[SourceTitle "playchess.com"]
[Source "ChessBase"]
[SourceQuality "1"]
[TimeControl "40/5400+30:1800+30"]

1. d4 Nf6 2. e3 g6 3. Bd3 Bg7 4. Nf3 O-O 5. O-O d6 6. Nbd2 c5 7. c3 b6 8. Qe2 Bb7 9. dxc5 bxc5 10. e4 Nbd7 11. Ba6 Bxa6 12. Qxa6 Nb6 13. Qe2 Qc7 14. Nc4 d5 15. Nxb6 axb6 16. exd5 Nxd5 17. Bg5 Rfe8 18. Rad1 e6 19. Rfe1 h6 20. Bc1 Rad8 21. Qc4 Rd7 22. Rd3 Red8 23. Red1 Ne7 24. Qe4 Rxd3 25. Rxd3 Rxd3 26. Qxd3 Nd5 27. a3 g5 28. h3 f5 29. Bd2 Nf6 30. Qe2 Qd6 31. Be1 g4 32. hxg4 Nxg4 33. g3 Qd5 34. Nh2 Ne5 35. Bd2 c4 36. Be3 Qd3 37. Qh5 Qb1+ 38. Kg2 Qe4+ 39. Kh3 Nf7 40. Qf3 Qb1 41. Qc6 Qxb2 42. Qxc4 Qxa3 43. Qc8+ Bf8 44. Qxe6 Qxc3 45. Qxb6 Bg7 46. Nf3 Qf6 47. Qb8+ Kh7 48. Qf4 Ng5+ 49. Nxg5+ hxg5 50. Qxg5 Qxg5 51. Bxg5 Kg6 52. Bf4 Bd4 53. Be3 Bc3 54. Kg2 Bb2 55. Kf3 Be5 56. Ke2 Bb2 57. Kd3 Bf6 58. Kc4 Bb2 59. Kd5 Bc3 60. Bf4 Be1 61. f3 Bc3 62. Ke6 Bd4 63. Be5 Bc5 64. Kd5 Ba3 65. Bd4 Bb4 66. Bc5 Bc3 67. Kc4 Bf6 68. Bd6 Bb2 69. Kd3 Bf6 70. Ke3 Bb2 71. Kf2 Bd4+ 72. Kg2 Bc3 73. Kh3 Bd4 74. g4 fxg4+ 75. Kxg4 Kf7 76. f4 Be3 77. f5 Bd4 1/2-1/2

[Event "SVK-ch Open 2018"]
[Site "Banska Stiavnica"]
[Date "2018.07.13"]
[Round "7"]
[White "Brnusak, Tomas"]
[Black "Tepper, Frantisek"]
[Result "0-1"]
[ECO "E73"]
[WhiteElo "1910"]
[BlackElo "2050"]
[Annotator "NA"]
[PlyCount "72"]
[EventDate "2018.07.07"]
[EventType "swiss"]
[EventCountry "SVK"]
[SourceTitle "playchess.com"]
[Source "ChessBase"]
[SourceQuality "1"]
[TimeControl "40/5400+30:1800+30"]

1. d4 Nf6 2. c4 g6 3. Nc3 Bg7 4. e4 d6 5. Be2 O-O 6. Be3 e5 7. d5 h6 8. h4 a5 9. g4 Ne8 10. Qd2 Kh7 11. O-O-O Na6 12. Nh3 Nc5 13. g5 h5 14. f3 b6 15. Nf2 Bd7 16. Nd3 Qe7 17. Kb1 Kg8 18. Qc2 Rb8 19. a3 c6 20. Nxc5 bxc5 21. dxc6 Bxc6 22. Nd5 Bxd5 23. Rxd5 Nc7 24. Rd3 Ne6 25. Qd2 Nd4 26. Bxd4 exd4 27. Qxa5 Rb7 28. Bd1 Rfb8 29. Rd2 d3 30. Rxd3 Rxb2+ 31. Kc1 Qe5 32. Bc2 Rxc2+ 33. Kxc2 Qb2+ 34. Kd1 Qb1+ 35. Ke2 Qxh1 36. Rxd6 Qh2+ 0-1

[Event "SVK-ch Open 2018"]
[Site "Banska Stiavnica"]
[Date "2018.07.13"]
[Round "7"]
[White "Bango, Dominik"]
[Black "Sandor, Martin"]
[Result "1/2-1/2"]
[ECO "B50"]
[WhiteElo "1835"]
[BlackElo "1968"]
[Annotator "NA"]
[PlyCount "70"]
[EventDate "2018.07.07"]
[EventType "swiss"]
[EventCountry "SVK"]
[SourceTitle "playchess.com"]
[Source "ChessBase"]
[SourceQuality "1"]
[TimeControl "40/5400+30:1800+30"]

1. e4 c5 2. Nf3 d6 3. c3 Nf6 4. Be2 Nc6 5. d4 cxd4 6. cxd4 e6 7. Nc3 Be7 8. O-O O-O 9. Re1 a6 10. Bf4 b5 11. d5 exd5 12. exd5 Nb8 13. b4 Re8 14. Nd4 Bb7 15. Bf3 Bf8 16. Rc1 Nbd7 17. Nc6 Rxe1+ 18. Qxe1 Qe8 19. Na5 Qxe1+ 20. Rxe1 Rb8 21. Nxb7 Rxb7 22. Ne4 Nxe4 23. Bxe4 Nf6 24. Bf3 Rc7 25. Rc1 Rxc1+ 26. Bxc1 Nd7 27. Bf4 g6 28. Kf1 Ne5 29. Bxe5 dxe5 30. a3 f5 31. d6 Bxd6 32. Bb7 a5 33. bxa5 Bxa3 34. Bc6 Kf7 35. Bxb5 Bc5 1/2-1/2

[Event "SVK-ch Open 2018"]
[Site "Banska Stiavnica"]
[Date "2018.07.14"]
[Round "8"]
[White "Kantorik, Marian"]
[Black "Jozefek, Michal"]
[Result "0-1"]
[ECO "D55"]
[WhiteElo "2279"]
[BlackElo "2182"]
[Annotator "NA"]
[PlyCount "102"]
[EventDate "2018.07.07"]
[EventType "swiss"]
[EventCountry "SVK"]
[SourceTitle "playchess.com"]
[Source "ChessBase"]
[SourceQuality "1"]
[TimeControl "40/5400+30:1800+30"]

1. d4 Nf6 2. c4 e6 3. Nf3 b6 4. a3 Bb7 5. Nc3 d5 6. cxd5 exd5 7. Bg5 Be7 8. e3 O-O 9. Bd3 Nbd7 {[%emt 0:01:17] LiveBook: 45 Games} 10. O-O Re8 11. Rc1 c5 12. dxc5 {[%emt 0:05:38] D55: Queen's Gambit Declined: 4 Bg5 Be7: Lines without ...h6 and 6...h6 7 Bxf6} bxc5 13. Bb5 (13. Qc2 g6 14. Rfd1 a6 15. Ne2 c4 16. Bxc4 dxc4 17. Qxc4 Qb6 18. b4 Rac8 {0-1 (27) Abdyjapar,A (2382)-Zhao,J (2604) Riadh 2017}) 13... Rb8 $146 ({Predecessor:} 13... Rf8 14. Bf4 a6 15. Bxd7 Qxd7 16. Na4 Qb5 17. b4 Ne4 18. Nxc5 Bxc5 19. bxc5 Nxc5 {1-0 (29) Maiwald,J (2484)-Sandhu,M (2290) Austria 2007}) 14. b4 d4 15. exd4 Bxf3 16. gxf3 cxb4 17. axb4 Nh5 18. Bxe7 Qxe7 19. Kh1 Red8 20. Nd5 Qd6 21. Bc6 Nb6 22. Nxb6 Rxb6 23. b5 Qf4 24. d5 a6 25. bxa6 Rxa6 26. Qd3 Ra2 27. Rce1 Qh4 28. Re2 Nf4 29. Re4 Qg5 30. Rxf4 Qxf4 31. Qe4 Qf6 32. Re1 g6 33. Kg2 Qg5+ 34. Qg4 Qd2 35. Rf1 Rd6 36. Qg3 Rf6 37. Rb1 Rf5 38. h4 Qd3 39. Re1 Rd2 40. Bb7 Qa3 41. Re5 Rf6 42. h5 h6 43. Re4 g5 $19 44. Bc6 Rd1 45. Re3 Qa1 46. Qh2 Kg7 47. Rb3 Rf4 48. Re3 Qa6 49. Re4 Qf1+ 50. Kg3 Rxe4 51. fxe4 Rd3+ 0-1

[Event "SVK-ch Open 2018"]
[Site "Banska Stiavnica"]
[Date "2018.07.14"]
[Round "8"]
[White "Franzen, Jozef"]
[Black "Szeberenyi, Adam"]
[Result "0-1"]
[ECO "A08"]
[WhiteElo "2258"]
[BlackElo "2364"]
[Annotator "NA"]
[PlyCount "74"]
[EventDate "2018.07.07"]
[EventType "swiss"]
[EventCountry "SVK"]
[SourceTitle "playchess.com"]
[Source "ChessBase"]
[SourceQuality "1"]
[TimeControl "40/5400+30:1800+30"]

1. Nf3 Nf6 2. g3 d5 3. Bg2 c5 4. O-O Nc6 5. d3 ({Better is} 5. d4 $11) 5... Bg4 6. Nbd2 e6 7. h3 Bh5 8. c3 Be7 9. e4 {[%emt 0:05:20] LiveBook: 9 Partien} O-O 10. g4 Bg6 11. Nh4 dxe4 {[%emt 0:11:56] A08: King's Indian Attack} 12. Nxg6 (12. dxe4 Bxe4 13. Nxe4 Nxe4 14. Bxe4 Bxh4 15. Qxd8 Rfxd8 16. Be3 Be7 17. f4 Rd7 18. Kf2 Rad8 19. Ke2 {0-1 (58) Angelov,A (2096)-Dimitrov,R (2427) Veliko Tarnovo 2013}) 12... hxg6 13. dxe4 Nd7 $146 ({Predecessor:} 13... Qc7 14. f4 b5 15. Qe2 c4 16. f5 exf5 17. exf5 Bc5+ 18. Kh1 Rae8 19. Ne4 Nxe4 20. Bxe4 Qe5 21. Re1 Qg3 22. Qf1 Bd6 23. Bf4 Bxf4 {0-1 (23) Flores Rios,M (2131)-Cornejo,M (2229) Balneario Camboriu 2005}) 14. f4 Qc7 15. Nf3 c4 16. Qe2 b5 17. Be3 Bc5 18. e5 Qb6 19. Rfe1 $11 Rad8 20. Ng5 Bxe3+ 21. Qxe3 Ne7 22. b3 Qxe3+ 23. Rxe3 Nc5 24. bxc4 bxc4 25. Rb1 Rb8 26. Rb4 Rxb4 27. cxb4 Nd3 28. b5 Nd5 29. Bxd5 exd5 30. Nf3 Nxf4 31. Nd4 Ne6 32. Nc6 d4 33. Re4 Ng5 34. Rxd4 Nf3+ 35. Kf2 Nxd4 36. Nxd4 Rd8 37. Ke3 c3 0-1

[Event "SVK-ch Open 2018"]
[Site "Banska Stiavnica"]
[Date "2018.07.14"]
[Round "8"]
[White "Sarkozy, Ladislav"]
[Black "Bojda, Lubomir"]
[Result "1/2-1/2"]
[ECO "D11"]
[WhiteElo "2247"]
[BlackElo "2064"]
[Annotator "NA"]
[PlyCount "40"]
[EventDate "2018.07.07"]
[EventType "swiss"]
[EventCountry "SVK"]
[SourceTitle "playchess.com"]
[Source "ChessBase"]
[SourceQuality "1"]
[TimeControl "40/5400+30:1800+30"]

1. d4 d5 2. c4 c6 3. Nf3 Nf6 4. e3 e6 5. b3 Bb4+ 6. Nbd2 O-O 7. a3 Bd6 8. Bd3 Nbd7 9. Bb2 Re8 10. Ne5 c5 11. f4 cxd4 12. exd4 b6 13. O-O Bb7 14. Qc2 Rc8 15. Rae1 Nf8 16. Re3 dxc4 17. bxc4 Nd5 $16 18. Rh3 f5 19. Qa4 Bxe5 20. fxe5 Bc6 1/2-1/2

[Event "SVK-ch Open 2018"]
[Site "Banska Stiavnica"]
[Date "2018.07.14"]
[Round "8"]
[White "Sikora, Jan"]
[Black "Pesztericz, Laszlo"]
[Result "1-0"]
[ECO "D01"]
[WhiteElo "2209"]
[BlackElo "1980"]
[Annotator "NA"]
[PlyCount "119"]
[EventDate "2018.07.07"]
[EventType "swiss"]
[EventCountry "SVK"]
[SourceTitle "playchess.com"]
[Source "ChessBase"]
[SourceQuality "1"]
[TimeControl "40/5400+30:1800+30"]

1. d4 Nf6 2. Nc3 d5 3. Bg5 Bf5 4. Nf3 e6 5. Nh4 {[%emt 0:06:38] D01: Veresov Opening} (5. e3 h6 6. Bh4 Bb4 7. Bd3 Bxd3 8. cxd3 c6 9. Qb3 Qb6 10. O-O Be7 11. Qc2 Nbd7 12. Ne5 g5 13. Bg3 {0-1 (39) Karayev,K (2216)-Asadli,V (2397) Nakhchivan 2016}) 5... h6 6. Bxf6 Qxf6 7. Nxf5 Qxf5 8. e3 Bb4 $146 ({Predecessor:} 8... g6 9. Bd3 Qg5 10. O-O Bg7 11. Nb5 Qd8 12. c4 dxc4 13. Bxc4 {0-1 (41) Hirn,O-Kraeussling,A Ingolstadt 1991}) 9. Bd3 Qf6 10. O-O O-O 11. Nb5 Qd8 12. c4 Nd7 13. cxd5 exd5 14. Qb3 Be7 15. Nc3 Nb6 16. Rac1 c6 17. Bb1 g6 18. Rfd1 f5 19. Ne2 Bd6 20. g3 Qe7 21. Bd3 Rab8 22. Re1 Kg7 23. Kg2 Nd7 24. a3 Nf6 25. Qc2 Rbe8 26. Ng1 h5 27. h4 Ne4 28. Nh3 Qc7 29. Nf4 Re7 30. Re2 Rfe8 31. Rce1 Nf6 32. f3 c5 33. dxc5 Qxc5 34. Qd2 Kf7 35. b4 Qb6 36. Nxd5 Nxd5 37. Bc4 Kg7 38. Qxd5 Qc7 39. f4 Qc6 40. Qxc6 bxc6 41. Kf3 Bc7 42. Bd3 a5 43. e4 fxe4+ 44. Rxe4 Rxe4 45. Bxe4 axb4 46. axb4 Bd6 47. Rc1 Ra8 48. Rxc6 Ra3+ 49. Kg2 Bxb4 50. Rxg6+ $18 Kf7 51. Rg5 Be1 52. Bg6+ Kf6 53. Bxh5 Ra2+ 54. Kh3 Ra3 55. Bd1 Rd3 56. Bc2 Rc3 57. Bb1 Rb3 58. Rg6+ Ke7 59. Bf5 Kf7 60. Be6+ 1-0